 Dungeon Crawl Stone Soup version 0.19-a0-593-gf2cdb02 (webtiles) character file.

525 Laan the Destroyer (level 7, 0/36 HPs)
             Began as a Deep Elf Wizard on June 10, 2016.
             Succumbed to poison (a needle trap)
             ... in an ossuary.
             The game lasted 00:11:44 (4717 turns).

Laan the Destroyer (Deep Elf Wizard)                Turns: 4717, Time: 00:11:45

Health: 0/36       AC:  5    Str:  4    XL:     7   Next: 2%
Magic:  0/15       EV: 18    Int: 25    God:
Gold:   143        SH:  0    Dex: 18    Spells: 1 memorised, 13 levels left

rFire  . . .     SeeInvis .     y - +2 dagger (venom)
rCold  . . .     Gourm    .     a - +0 robe
rNeg   . . .     Faith    .     (no shield)
rPois  .         Spirit   .     s - +1 helmet
rElec  .         Dismiss  .     (no cloak)
rCorr  .         Reflect  .     t - +0 pair of gloves
SustAt .         Harm     .     (no boots)
MR     .....                    (no amulet)
Stlth  +++.......               (no ring)
                                (no ring)

@: agile, lethally poisoned (0 -> -8), not resistant to hostile enchantments,
fairly stealthy
A: no striking features
a: no special abilities


You were in an ossuary.
You were not hungry.

You visited 1 branch of the dungeon, and saw 4 of its levels.
You also visited: Ossuary.

You collected 143 gold pieces.

Inventory:

Hand Weapons
 h - a +0 dagger
 i - a +0 short sword
 y - a +2 dagger of venom (weapon)
Armour
 a - a +0 robe (worn)
 s - a +1 helmet (worn)
 t - a +0 pair of gloves (worn)
Jewellery
 n - an uncursed ring of ice
Scrolls
 e - a scroll of teleportation {unknown}
 k - 5 scrolls of identify
 l - 3 scrolls of remove curse
 m - a scroll of immolation {unknown}
 o - a scroll of fear {unknown}
 p - a scroll of enchant armour {unknown}
 q - a scroll of enchant weapon {unknown}
 v - a scroll of fog {unknown}
 w - a scroll of magic mapping {unknown}
Books
 c - a book of Minor Magic

   Spells                             Type                      Level
   a - Magic Dart                     Conjuration                  1
   b - Blink                          Translocation                2
   c - Call Imp                       Summoning                    2
   d - Repel Missiles                 Charms/Air                   2
   e - Slow                           Hexes                        2
   f - Conjure Flame                  Conjuration/Fire             3
   g - Mephitic Cloud                 Conjuration/Poison/Air       3
Comestibles
 d - 2 bread rations
 j - 4 meat rations


   Skills:
 - Level 2.4 Dodging
 - Level 2.4 Stealth
 - Level 4.4 Spellcasting
 * Level 8.2 Conjurations
   Level 1.1 Summonings
   Level 1.1 Translocations


You had 13 spell levels left.
You knew the following spells:

 Your Spells              Type           Power        Failure   Level  Hunger
a - Magic Dart            Conj           ####         1%          1    None


Dungeon Overview and Level Annotations

Branches:
Dungeon (4/15)
 Temple: D:4-7

Altars:
Cheibriados
Xom
The Shining One


Message History

* * * LOW HITPOINT WARNING * * *
You feel sick.
There is a needle trap here.
A poisoned needle shoots out and misses you.
* * * LOW HITPOINT WARNING * * *
You feel sick.
There is a needle trap here.
* * * LOW HITPOINT WARNING * * *
You feel sick.
A poisoned needle hits the water moccasin zombie!
There is a gate leading back out of this place here.
You aren't carrying any potions.
Casting: Magic Dart
Confirm with . or Enter, or press ? or * to list all spells.
You don't have enough magic to cast that spell.
Casting: Magic Dart
Confirm with . or Enter, or press ? or * to list all spells.
You don't have enough magic to cast that spell.
You barely miss the water moccasin zombie.
You die...

##################
#@^.'...#^.^.'...#
#Z..#...#^...#...#
#.^^#...'^^^.#...'
###Z##############
#..Z# # #..Z# #
#...# # #Z..# #
#'### #


You could see a water moccasin zombie, 2 gnoll zombies and an orc zombie.

Vanquished Creatures
  5 water moccasin zombies (Ossuary)
  A hound (D:1)
  An orc priest (D:3)
  An orc wizard (D:3)
  A mummy (D:4)
  3 adders
  2 oozes (D:2)
  4 adder zombies (Ossuary)
  8 worms
  2 giant geckos
  5 orcs (D:3)
  8 bats
  4 giant cockroaches
  A gnoll zombie (Ossuary)
  8 hobgoblins
  2 jackals (D:2)
  A quokka (D:4)
  A ball python (D:3)
  10 giant newts (D:1)
  7 goblins
  3 hobgoblin zombies (Ossuary)
  8 kobolds
  A kobold zombie (Ossuary)
  7 orc zombies (Ossuary)
  8 rats
102 creatures vanquished.

Notes
Turn   | Place    | Note
--------------------------------------------------------------
     0 | D:1      | Laan the Deep Elf Wizard began the quest for the Orb.
     0 | D:1      | Reached XP level 1. HP: 10/10 MP: 7/7
   161 | D:1      | Reached skill level 2 in Conjurations
   416 | D:1      | Reached XP level 2. HP: 15/15 MP: 2/9
   820 | D:1      | Reached skill level 3 in Conjurations
  1017 | D:2      | Found a shimmering altar of Xom.
  1018 | D:2      | Found a shimmering altar of Xom.
  1019 | D:2      | Found a shimmering altar of Xom.
  1020 | D:2      | Found a shimmering altar of Xom.
  1020 | D:2      | Found a shimmering altar of Xom.
  1020 | D:2      | Found a shimmering altar of Xom.
  1073 | D:2      | Reached XP level 3. HP: 19/19 MP: 2/10
  1478 | D:2      | Reached skill level 4 in Conjurations
  1541 | D:1      | Reached XP level 4. HP: 7/24 MP: 2/12
  2354 | D:2      | Reached skill level 5 in Conjurations
  2757 | D:3      | Found a glowing golden altar of the Shining One.
  2940 | D:3      | Reached XP level 5. HP: 28/28 MP: 10/13
  3124 | D:3      | Reached skill level 6 in Conjurations
  3390 | D:3      | Found a snail-covered altar of Cheibriados.
  3620 | D:4      | Found a sand-covered staircase.
  3668 | Ossuary  | Entered an ossuary
  3756 | Ossuary  | Reached XP level 6. HP: 28/32 MP: 9/14
  3802 | Ossuary  | Reached skill level 7 in Conjurations
  4691 | Ossuary  | Reached skill level 8 in Conjurations
  4691 | Ossuary  | Reached XP level 7. HP: 26/36 MP: 7/15
  4716 | Ossuary  | HP: 1/36 [poison (a needle trap)]
  4717 | Ossuary  | Succumbed to poison (a needle trap)

Vault maps used:
D:1:      dpeg_arrival_leaves_temple_mockup, minmay_newt_pond
D:2:      xom_redecorated
D:3:      nicolae_overflow_crystal_walls, nicolae_tso_carved_into_rock
D:4:      minmay_temple_entry_fiery, serial_shops, shop, first_bread,
          gup_ossuary_entry_pyramid, amethyst_killhole, trog_book
Ossuary:  ossuary_tomb_2

Skill      XL: |  1  2  3  4  5  6 |
---------------+-------------------+-----
Conjurations   | 2 3 4 5 6 8 |  8.2
Dodging        | |  2.4
Stealth        | |  2.4
Spellcasting   | |  4.4
Summonings     | |  1.1
Translocations | |  1.1

Action                   |  1- 3 |  4- 6 |  7- 9 || total
-------------------------+-------+-------+-------++-------
Melee: Dagger            |    11 |     6 |     3 ||    20
       Short sword       |     9 |       |       ||     9
 Cast: Magic Dart        |    78 |   211 |    11 ||   300
  Use: Scroll            |       |     2 |       ||     2
       Potion            |       |     3 |     1 ||     4
  Eat: Chunk             |     2 |     6 |       ||     8
       Fruit             |       |     2 |       ||     2
       Beef jerky        |       |     1 |       ||     1
Armor: Robe              |     3 |    20 |     3 ||    26
Dodge: Dodged            |    27 |    52 |     7 ||    86
